 Dungeon Crawl Stone Soup version 0.13-b1-45-g38f3f9b (webtiles) character file.

640 Lilouch the Slasher (level 6, -5/48 HPs)
             Began as a Mummy Fighter on Oct 9, 2013.
             Killed by divine providence
             ... invoked by an orc priest
              (14 damage)
             ... on Level 4 of the Dungeon.
             The game lasted 00:28:01 (46645 turns).

Lilouch the Slasher (Mummy Fighter)                Turns: 46645, Time: 00:28:01

HP  -5/48        AC  9     Str 21      XL: 6   Next: 69%
MP   5/5         EV  5     Int  7      God:
Gold 202         SH 19     Dex 11      Spells:  0 memorised,  5 levels left

Res.Fire  : x . .   See Invis. : +   z - +2 elf long sword
Res.Cold  : + . .   Warding    : .   n - +0 chain mail
Life Prot.: + + +   Conserve   : .   c - +0 shield
Res.Poison: +       Res.Corr.  : .   (no helmet)
Res.Elec. : .       Clarity    : .   (no cloak)
Sust.Abil.: . .     Spirit.Shd : .   (no gloves)
Res.Mut.  : +       Stasis     : .   (no boots)
Res.Rott. : +       Flight     : .   x - amulet of resist mutation {unknown}
Saprovore : . . .                    (no ring)
                                     A - ring of see invisible {unknown}

@: somewhat resistant to hostile enchantments, extremely unstealthy
A: no food or potions, fire vulnerability, restore body, cold resistance 1, life
protection 3, poison resistance, torment resistance, unbreathing
a: no special abilities


You were on level 4 of the Dungeon.
You were not hungry.

You visited 1 branch of the dungeon, and saw 4 of its levels.

You collected 182 gold pieces.

Inventory:

Hand weapons
 a - a +0,+0 falchion
 y - a -1,-3 dwarven sabre
 z - a +2,+2 elven long sword (weapon)
 B - a +0,+0 sling
Missiles
 k - 14 darts of dispersal (quivered)
 m - 34 stones
 o - 31 darts
 s - 3 needles of frenzy
 w - 3 poisoned arrows
 D - 3 darts of flame
Armour
 c - a +0 shield (worn)
 n - a +0 chain mail (worn)
Comestibles
 d - 6 bread rations
 l - a pear
Scrolls
 e - a scroll of blinking {unknown}
 f - a scroll of enchant weapon I
 h - a scroll of fear {unknown}
 i - a scroll of recharging {unknown}
 j - a scroll of noise {unknown}
 q - 4 scrolls of identify {unknown}
 r - a scroll of teleportation
 t - a scroll of curse armour {unknown}
 v - a scroll of curse jewellery {unknown}
 C - 2 scrolls of remove curse {unknown}
Jewellery
 x - an amulet of resist mutation (around neck) {unknown}
 A - a ring of see invisible (left hand) {unknown}
Potions
 b - 2 potions of heal wounds {unknown}
 g - 4 potions of curing {unknown}
 p - a potion of degeneration {unknown}
 u - 2 potions of paralysis {unknown}


   Skills:
 - Level 3.1 Fighting
 * Level 4.2 Long Blades
 + Level 3.9 Armour
 - Level 0.2 Dodging
 + Level 3.5 Shields


You had 5 spell levels left.
You didn't know any spells.

Dungeon Overview and Level Annotations

Branches:
Dungeon (4/27)
 Temple: D:4-7

Altars:
Ashenzari


Innate Abilities, Weirdness & Mutations

You do not eat or drink.
Your flesh is vulnerable to fire.
Your flesh is cold resistant.
You are immune to negative energy.
Your system is resistant to poisons.
You are immune to unholy pain and torment.
You can survive without breathing.


Message History

The orc priest glows brightly for a moment.
You hit the orc wizard.
You kill the orc wizard!
The orc priest invokes the aid of Beogh against you.
Something smites you!
You slash the orc!
The orc is almost dead.
The orc hits you but does no damage.
You slash the orc!
You kill the orc!
The orc priest invokes the aid of Beogh against you.
Something smites you!
* * * LOW HITPOINT WARNING * * *
The orc priest picks up an orcish hand axe.
The orc priest calls down the wrath of Beogh upon you.
You resist.
A rat comes into view.
The orc priest invokes the aid of Beogh against you.
Something smites you!
You die...

#.........########
#........r>......#
#..........#####.#
#..........# #.#
#..........# #.#
#..........# #.#
#..........# #.#
#..........# #.#
########@#.# #.# .
#.#.# #.# .. #.#.#
#.# .[O
##########o#.# #%#
.... #........#o#.#
#.#
.....##........#[#.#
#.#
.....o.(.o.....)o..#
#.#
.....##.....o..#.#.#
#.# ....
#........#.#.# #.#


You could see 2 orc priests, an orc and a rat.

Vanquished Creatures
  An ogre (D:4)
  An orc priest (D:2)
  4 orc wizards
  10 adders
  A worm (D:1)
  6 giant geckos
  2 oozes (D:2)
  12 orcs
  7 giant cockroaches
  14 goblins
  6 hobgoblins
  9 jackals
  A ball python (D:1)
  10 bats
  3 giant newts (D:1)
  8 kobolds
  15 rats
110 creatures vanquished.

Notes
Turn   | Place    | Note
--------------------------------------------------------------
     0 | D:1      | Lilouch, the Mummy Fighter, began the quest for the Orb.
     0 | D:1      | Reached XP level 1. HP: 18/18 MP: 0/0
   188 | D:1      | Reached XP level 2. HP: 24/24 MP: 1/1
   679 | D:2      | Reached XP level 3. HP: 23/30 MP: 2/2
   840 | D:2      | Found a shattered altar of Ashenzari.
  5145 | D:1      | Reached XP level 4. HP: 36/36 MP: 3/3
 11674 | D:1      | Noticed a hill giant
 13396 | D:2      | Reached XP level 5. HP: 35/41 MP: 4/4
 39612 | D:3      | Reached XP level 6. HP: 26/48 MP: 5/5
 46359 | D:3      | Noticed a centaur warrior
 46629 | D:4      | Reached skill level 4 in Long Blades
 46645 | D:4      | Killed from afar by an orc priest

Action                   |  1- 3 |  4- 6 || total
-------------------------+-------+-------++-------
Melee: Falchion          |   164 |   179 ||   343
       Long sword        |       |    91 ||    91
       Sabre             |       |    12 ||    12
  Use: Scroll            |       |     3 ||     3
